 Dungeon Crawl Stone Soup version 0.28.0-43-g3370ac3207 (webtiles) character file.

Game seed: 8583520808239091090

32 adizb the Cudgeller (level 2, 0/24 HPs)
             Began as a Demigod Gladiator on Mar 13, 2022.
             Slain by a goblin
             ... wielding a +0 club
             ... led by Robin
              (4 damage)
             ... on level 1 of the Dungeon.
             The game lasted 00:04:23 (1139 turns).

adizb the Cudgeller (Demigod Gladiator)             Turns: 1139, Time: 00:04:26

Health: 0/24       AC:  4    Str: 15    XL:     2   Next: 96%
Magic:  4/4        EV: 12    Int: 10    God:
Gold:   24         SH:  0    Dex: 15    Spells: 1/1 levels left

rFire   . . .      SeeInvis .   a - +0 flail
rCold   . . .      Faith    .   (no shield)
rNeg    . . .      Spirit   .   b - +0 leather armour
rPois   .          Reflect  .   c - +0 helmet
rElec   .          Harm     .   (no cloak)
rCorr   .          Rampage  .   (no gloves)
Will    .....                   (no boots)
Stlth   +.........              (no amulet)
HPRegen 0.08/turn               (no ring)
MPRegen 0.09/turn               (no ring)

@: no status effects
A: high MP 1, forlorn, divine attributes
a: no special abilities


You were on level 1 of the Dungeon.
You visited 1 branch of the dungeon, and saw 2 of its levels.

You collected 24 gold pieces.

Inventory:

Hand Weapons
 a - a +0 flail (weapon)
Missiles
 d - a throwing net (quivered)
Armour
 b - a +0 leather armour (worn)
 c - a +0 helmet (worn)
Scrolls
 e - a scroll of teleportation {unknown}
 h - a scroll of fear
Potions
 f - a potion of magic
 g - a potion of mutation {unknown}


   Skills:
 * Level 2.1 Fighting
 + Level 2.9 Maces & Flails
 + Level 2.0 Throwing
 * Level 1.0 Armour
 + Level 2.9 Dodging
 + Level 0.5 Shields


You had one spell level left.
You didn't know any spells.
Your spell library was empty.

Dungeon Overview and Level Annotations

Branches:
Dungeon (2/15)

Annotations:
D:2 Robin


Innate Abilities, Weirdness & Mutations

You have an increased reservoir of magic. (+10% MP)
You shall have no god before yourself.
Your divine heritage dramatically boosts your attributes as you level up.


Message History

The goblin hits you with a +0 club.
A goblin comes into view. It is wielding a +0 club.
The goblin barely misses you. The goblin misses you.
The goblin hits you with a +0 club.
You barely miss the goblin.
The goblin is moderately wounded.
The goblin closely misses you. The goblin barely misses you.
You closely miss the goblin.
The goblin is moderately wounded.
The goblin misses you. The goblin barely misses you.
You completely miss the goblin.
The goblin is moderately wounded.
The goblin hits you with a +0 club. The goblin completely misses you.
You sock the goblin!
You kill the goblin!
The goblin barely misses you. The goblin hits you with a +0 club.
* * * LOW HITPOINT WARNING * * *
Robin throws the goblin at you!
Items here: ( )) †.
The goblin hits you with a +0 dagger.
* * * LOW HITPOINT WARNING * * *
You hit the goblin.
You kill the goblin!
The goblin closely misses you.
You see here a +0 dagger.
The goblin no longer looks unusually strong.
The goblin no longer looks unusually strong.
You barely miss the goblin. The goblin hits you with a +0 club.
* * * LOW HITPOINT WARNING * * *
There is a stone staircase leading down here.
There is a stone staircase leading up here.
You climb upwards.
There is a stone staircase leading down here.
Throw: 2 throwing nets
Press: ? - help, Q - select action Shift-Dir - straight line, f - goblin
Aim: a goblin, wielding a +0 club (53% to hit)
You throw a throwing net.
The throwing net barely misses the goblin.
The goblin hits you with a +0 club.
You die...

...# ♣).# ...#
♣.†##########
.#..........#
...########.#
###########.##
.............#######
###########.....@g(#
.....# #.######.#
####.# #.# #.#
.##### #.# #.#
+#...## #.# #.#
#.....# #.# ###.#
#..<..#####.# #...#
#.....#..##.# #.###
'#...##.....####.#


You could see a goblin.

Vanquished Creatures
  An adder (D:2)
  A dart slug (D:1)
  3 bats (D:1)
  A giant cockroach (D:1)
  3 goblins
  A hobgoblin (D:1)
  3 jackals (D:1)
  A quokka (D:1)
  3 ball pythons (D:1)
  2 frilled lizards (D:1)
  A kobold (D:1)
  2 rats (D:1)
22 creatures vanquished.

Notes
Turn   | Place    | Note
-------+----------+-------------------------------------------
     0 | D:1      | adizb the Demigod Gladiator began the quest for the Orb.
     0 | D:1      | Reached XP level 1. HP: 17/17 MP: 3/3
   141 | D:1      | Reached XP level 2. HP: 13/24 MP: 4/4
   805 | D:2      | Reached skill level 1 in Armour
  1081 | D:2      | Noticed Robin
  1139 | D:1      | Slain by a goblin

Illustrated notes

Levels and vault maps discovered:
D:1:      noname_arrival_rooms_in_the_neighbourhood, layout_loops_ring,
          chequers_ecumenical_altar_grove, minmay_crystal_water,
          minmay_hexomino_u4
D:2:      layout_loops_ring, uniq_robin

Skill      XL: |  1  2 |
---------------+-------+-----
Fighting       | 2 |  2.1
Throwing       | 2 |  2.0
Armour         | 1 |  1.0
Maces & Flails | |  2.9
Dodging        | |  2.9
Shields        | |  0.5

Action                   || total
-------------------------++-------
Melee: Flail             ||    82
Throw: Throwing net      ||     4
  Use: Scroll            ||     3
 Stab: Held in net/web   ||     1
Armor: Leather armour    ||    29
Dodge: Dodged            ||    92
